 Dungeon Crawl Stone Soup version 0.26-a0-683-g5206c1d7ac (webtiles) character file.

Game seed: 6437440863287503943

3983 jasper the Quickloader (level 10, -24/63 HPs)
             Began as a Kobold Arcane Marksman on Oct 22, 2020.
             Was a Believer of Okawaru.
             Annihilated by a two-headed ogre
             ... wielding a +0 giant spiked club
              (30 damage)
             ... on level 9 of the Dungeon.
             The game lasted 00:12:41 (11407 turns).

jasper the Quickloader (Kobold Arcane Marksman)    Turns: 11407, Time: 00:12:41

Health: -24/63     AC:  9    Str: 10    XL:     10   Next: 46%
Magic:  12/12      EV: 18    Int: 14    God:    Okawaru [**....]
Gold:   645        SH:  0    Dex: 17    Spells: 10/11 levels left

rFire    . . .     SeeInvis .   a - +0 hand crossbow
rCold    . . .     Faith    +   (shield restricted)
rNeg     . . .     Spirit   .   p - +0 ring mail
rPois    +         Reflect  .   G - +1 helmet
rElec    .         Harm     .   (no cloak)
rCorr    .         Rampage  .   (no gloves)
MR       +....                  s - +0 pair of boots
Stlth    ++........             K - amulet of faith
HPRegen  0.20/turn              H - ring of protection from magic
MPRegen  0.13/turn              R - ring of poison resistance

@: no status effects
A: small, nightstalker 3
a: Heroism, Renounce Religion


You were on level 9 of the Dungeon.
You worshipped Okawaru.
Okawaru was pleased with you.
You visited 2 branches of the dungeon, and saw 10 of its levels.

You collected 645 gold pieces.

Inventory:

Hand Weapons
 a - a +0 hand crossbow (weapon)
 q - a +0 hand axe
 M - the +4 dagger of Greed {speed, *Noise rElec Str+4 Int+4}
   (You found it on level 5 of the Dungeon)

   Attacks with this weapon are significantly faster.
   It affects your strength (+4).
   It affects your intelligence (+4).
   It insulates you from electricity.
   It may make noises in combat.
Missiles
 d - 78 bolts (quivered)
 k - 217 stones
 z - 22 poisoned darts
 C - a throwing net
Armour
 c - a +0 hat
 e - a +0 robe
 p - a +0 ring mail (worn)
 s - a +0 pair of boots (worn)
 v - a scarf of shadows
 y - a +0 buckler
 D - a +0 helmet
 G - a +1 helmet (worn)
 N - the +2 chain mail of Theory {rF+ MR+ Regen+ Slay-5, unknown}
   (You found it on level 6 of the Dungeon)

   It affects your accuracy and damage with ranged weapons and melee attacks
   (-5).
   It protects you from fire.
   It affects your resistance to hostile enchantments.
   It increases your rate of regeneration.
Jewellery
 H - a ring of protection from magic (left hand)
 K - an amulet of faith (around neck)
 Q - an uncursed ring of positive energy
 R - a ring of poison resistance (right hand)
Wands
 B - a wand of flame (21)
Scrolls
 f - a scroll of enchant weapon
 g - 2 scrolls of immolation
 i - a scroll of blinking
 j - 6 scrolls of teleportation
 l - a scroll of fog {unknown}
 n - 3 scrolls of magic mapping {unknown}
 r - a scroll of random uselessness {unknown}
 t - 3 scrolls of fear
 x - a scroll of noise {unknown}
 F - 6 scrolls of remove curse
 L - 2 scrolls of holy word {unknown}
 O - 2 scrolls of identify
Potions
 b - a potion of mutation
 h - 4 potions of curing
 m - a potion of experience {unknown}
 o - 2 potions of brilliance
 u - 3 potions of degeneration {unknown}
 w - 3 potions of haste {unknown}
 A - 5 potions of heal wounds {unknown}
 E - 4 potions of cancellation {unknown}
 I - a potion of resistance {unknown}
 J - a potion of flight {unknown}
 P - 5 potions of berserk rage {unknown}
 S - a potion of might {unknown}
 T - a potion of invisibility


   Skills:
 + Level 7.1 Fighting
 - Level 1.7 Axes
 - Level 10.0 Crossbows
 - Level 0.2 Throwing
 + Level 5.4 Armour
 + Level 8.1 Dodging
 - Level 1.4 Stealth
 - Level 1.1 Spellcasting
 - Level 3.0 Hexes
 + Level 2.7 Invocations


You had 10 spell levels left.
You knew the following spells:

 Your Spells              Type           Power        Failure   Level
a - Corona                Hex            #......      19%         1

Your spell library contained the following spells:

 Spells                   Type           Power        Failure   Level
 Slow                     Hex            #.......     26%         2
 Inner Flame              Hex/Fire       #.......     69%         3
 Portal Projectile        Hex/Tloc       #.....       69%         3
 Cause Fear               Hex            #.........   87%         4
 Leda's Liquefaction      Hex/Erth       #.........   97%         4


Dungeon Overview and Level Annotations

Branches:
Dungeon (9/15)             Temple (1/1) D:7
   Lair: D:8-11         Orc: D:9-12

Altars:
Ashenzari
Cheibriados
Elyvilon
Hepliaklqana
Kikubaaqudgha
Makhleb
Nemelex Xobeh
Okawaru
Trog
Vehumet

Shops:
D:5 *   D:6 (

Annotations:
D:3 exclusion: adder
D:5 3 runed translucent doors, ringo67's ghost, novice NaFi
D:6 Sigmund


Innate Abilities, Weirdness & Mutations

You are small and have problems with some larger weapons.
You are completely attuned to the shadows.


Message History

You take 18 damage, and have 5/63 hp.
MASSIVE DAMAGE!!
Firing (i - inventory. (/) - cycle)
d - 81 bolts (quivered)
Press: ? - help, Shift-Dir - straight line, f/p - two-headed ogre
Aim: a two-headed ogre, wielding a +0 giant spiked club and a +0 giant club (heavily wounded)
You shoot a bolt. The bolt hits the two-headed ogre!
The two-headed ogre is severely wounded.
Okay, then.
Firing (i - inventory. (/) - cycle)
d - 80 bolts (quivered)
Press: ? - help, Shift-Dir - straight line, f/p - two-headed ogre
Aim: a two-headed ogre, wielding a +0 giant spiked club and a +0 giant club (severely wounded)
You shoot a bolt. The bolt hits the two-headed ogre.
The two-headed ogre is severely wounded.
The two-headed ogre barely misses you. x2
Firing (i - inventory. (/) - cycle)
d - 79 bolts (quivered)
Press: ? - help, Shift-Dir - straight line, f/p - two-headed ogre
Aim: a two-headed ogre, wielding a +0 giant spiked club and a +0 giant club (severely wounded)
You shoot a bolt. The bolt hits the two-headed ogre.
The two-headed ogre is severely wounded.
The two-headed ogre hits you with a +0 giant spiked club!!
You die...

#...###............
#....#....##.#..###
.##........#..<.##
#.#........#.....#
#.##............##
#..#......)...###
#SS##......#...##
#(#O#.[.........####
#(#@##.#.........#..
#(#..#..............
#!#..##)........#...
###'#.............
#.#........#....
##.##............
#...#......####..
##...##......# ##.
#..#..#....#####<.


You could see a two-headed ogre and an adder.

Vanquished Creatures
  A two-headed ogre (D:8)
  A hornet (D:9)
  Prince Ribbit (D:7)
  A wyvern (D:9)
  6 orc warriors
  3 sky beasts
  2 ogres (D:9)
  A necrophage (D:5)
  2 phantoms (D:7)
  5 bullfrogs
  A water moccasin zombie (D:5)
  A scorpion (D:8)
  A killer bee (D:9)
  3 howler monkeys
  A quasit (D:9)
  A hound (D:9)
  A jelly (D:5)
  5 orc priests
  Jessica (D:2)
  An iguana (D:5)
  9 orc wizards
  7 worker ants
  2 hound skeletons (D:8)
  A worker ant zombie (D:8)
  3 howler monkey skeletons
  10 adders
  A white imp (D:5)
  An ufetubus (D:7)
  An ooze (D:5)
  2 adder skeletons (D:4)
  3 worms
  A dart slug (D:3)
  5 leopard geckos
  21 orcs
  2 ball pythons
  7 bats
  6 giant cockroaches
  11 goblins
  4 hobgoblins
  4 jackals (D:4)
  3 quokkas
  3 frilled lizards
  5 kobolds
  8 rats
159 creatures vanquished.

Notes
Turn   | Place    | Note
-------+----------+-------------------------------------------
     0 | D:1      | jasper the Kobold Arcane Marksman began the quest for the
                  | Orb.
     0 | D:1      | Reached XP level 1. HP: 12/12 MP: 2/2
   118 | D:1      | Reached skill level 3 in Crossbows
   173 | D:1      | Reached XP level 2. HP: 14/16 MP: 3/3
   646 | D:1      | Found a sparkling altar of Nemelex Xobeh.
   724 | D:2      | Reached XP level 3. HP: 18/20 MP: 4/4
   734 | D:1      | Reached skill level 4 in Crossbows
  1188 | D:2      | Noticed Jessica
  1191 | D:2      | Killed Jessica
  1191 | D:2      | Reached skill level 5 in Crossbows
  1191 | D:2      | Reached XP level 4. HP: 25/25 MP: 5/5
  2431 | D:3      | Reached XP level 5. HP: 19/29 MP: 6/6
  3120 | D:3      | Reached skill level 1 in Axes
  3969 | D:4      | Reached skill level 1 in Stealth
  3972 | D:4      | Reached XP level 6. HP: 24/34 MP: 7/7
  4310 | D:4      | Found a radiant altar of Vehumet.
  4382 | D:4      | Reached skill level 6 in Crossbows
  5230 | D:5      | Entered Level 5 of the Dungeon
  5294 | D:5      | Reached skill level 7 in Crossbows
  5328 | D:5      | Reached XP level 7. HP: 21/38 MP: 8/8
  5548 | D:5      | Got a fading dagger
  5549 | D:5      | Identified the +4 dagger of Greed {speed, *Noise rElec
                  | Str+4 Int+4} (You found it on level 5 of the Dungeon)
  5651 | D:5      | Reached skill level 8 in Crossbows
  5994 | D:5      | Found Loepn's Serpentskin Sales.
  6300 | D:5      | Reached skill level 9 in Crossbows
  6471 | D:5      | Reached XP level 8. HP: 34/43 MP: 9/9
  6580 | D:5      | Found a runed translucent gate.
  6580 | D:5      | Found a runed translucent gate.
  6581 | D:5      | Found a runed translucent gate.
  6583 | D:5      | Noticed ringo67's ghost (novice NaFi)
  6768 | D:6      | Got a brightly glowing chain mail
  6870 | D:6      | Found Gaxzux's Antique Weapon Emporium.
  6902 | D:6      | Reached skill level 10 in Crossbows
  6902 | D:6      | Reached skill level 1 in Armour
  7205 | D:6      | Noticed Sigmund
  7248 | D:7      | Noticed Prince Ribbit
  7365 | D:7      | Found a staircase to the Ecumenical Temple.
  7383 | Temple   | Entered the Ecumenical Temple
  7423 | Temple   | Became a worshipper of Warmaster Okawaru
  7505 | D:7      | Killed Prince Ribbit
  7505 | D:7      | Reached XP level 9. HP: 45/51 MP: 10/10
  7605 | D:7      | Reached * piety under Okawaru
  8141 | D:7      | Reached skill level 5 in Dodging
  8325 | D:8      | Noticed a two-headed ogre
  8431 | D:7      | Reached skill level 5 in Fighting
  8958 | D:8      | Killed a two-headed ogre
  8958 | D:8      | Reached ** piety under Okawaru
  8958 | D:8      | Reached XP level 10. HP: 56/60 MP: 11/11
  9154 | D:8      | Identified the +5 dagger "Omaa" {drain, *Slow Str-4 Int+8
                  | Dex+7}
  9519 | D:8      | Noticed a two-headed ogre
  9533 | D:8      | HP: 1/61 [two-headed ogre/+0 dire flail (19)]
 10207 | D:9      | Reached skill level 1 in Invocations
 10226 | D:9      | Reached skill level 5 in Armour
 11394 | D:9      | Noticed a two-headed ogre
 11407 | D:9      | Annihilated by a two-headed ogre

Illustrated notes

Levels and vault maps discovered:
D:1:      heliophobic_arrival_enchanted_forest, layout_basic,
          nemelex_diamond_rough_becter
D:2:      layout_loops_cross, kennysheep_generic_room_14, uniq_jessica
D:3:      layout_loops_cross, serial_rivers, chequers_serial_rivers_large_a,
          chequers_serial_rivers_micro_e, chequers_serial_rivers_large_b,
          chequers_serial_rivers_marsh, chequers_serial_rivers_micro_b
D:4:      layout_basic, vehumet_altar_wand_db
D:5:      layout_basic, gammafunk_ghost_necromancy, guppyfry_shop_venom
D:6:      layout_loops_ring, serial_shops, nicolae_shop_crystal,
          minmay_increasing_density, uniq_sigmund
D:7:      layout_basic, minmay_temple_entry_junction, minmay_tree_intersection,
          minmay_misc_feat_square, uniq_prince_ribbit1
D:8:      layout_basic
D:9:      minmay_the_grid_triangle_9x9_rhombus_full
          [minmay_the_grid_triangle_9x9_wacky_v,
          minmay_the_grid_triangle_9x9_alien,
          minmay_the_grid_triangle_9x9_dagger,
          minmay_the_grid_triangle_9x9_tough_junction,
          minmay_the_grid_triangle_9x9_sparse_checkered,
          minmay_the_grid_triangle_9x9_limited_checkers,
          minmay_the_grid_triangle_9x9_semitri,
          minmay_the_grid_triangle_9x9_prize_center], layout_cave_pools,
          minmay_quadrilaterals
Temple:   regret_index_temple_sigil_plot

Skill      XL: |  1  2  3  4  5  6  7  8  9 10 |
---------------+-------------------------------+-----
Crossbows      | 3 5 7 9 10 | 10.0
Axes           | 1 |  1.7
Stealth        | 1 |  1.4
Armour         | 2 4 5 |  5.4
Dodging        | 4 7 8 |  8.1
Fighting       | 3 6 7 |  7.1
Invocations    | 2 |  2.7
Throwing       | |  0.2
Spellcasting   | |  1.1
Hexes          | |  3.0

Action                   |  1- 3 |  4- 6 |  7- 9 | 10-12 || total
-------------------------+-------+-------+-------+-------++-------
Melee: Hand axe          |       |   239 |       |       ||   239
       Dagger            |       |       |   134 |       ||   134
 Fire: Hand crossbow     |    64 |    61 |   157 |   150 ||   432
Throw: Dart              |       |    12 |     4 |       ||    16
       Stone             |       |     1 |       |       ||     1
Invok: Heroism           |       |       |       |     3 ||     3
Evoke: Wand              |       |       |    10 |       ||    10
  Use: Scroll            |     4 |     5 |     2 |       ||    11
       Potion            |       |     3 |     5 |       ||     8
 Stab: Sleeping          |       |     6 |     1 |       ||     7
       Distracted        |       |     1 |       |       ||     1
Armor: Robe              |     4 |       |       |       ||     4
       Ring mail         |     1 |    86 |    33 |    26 ||   146
       Skin              |       |    33 |    16 |       ||    49
Dodge: Dodged            |    32 |   216 |   108 |    84 ||   440

Table legend: (Time is in decaauts)
 A = Elapsed time spent in this place.
 B = Non-inter-level travel time spent in this place.
 C = Inter-level travel time spent in this place.
 D = Time resting spent in this place.
 E = Time spent auto-exploring this place.
 F = Levels seen in this place.
 G = Mean time per level.
                   A        B        C        D        E       F      G
               +--------+--------+--------+--------+--------+-----+--------+
         Total |  11529 |  11183 |    346 |   1963 |   7578 |  10 | 1152.9 |
       Dungeon |  11470 |  11151 |    319 |   1963 |   7549 |   9 | 1274.4 |
        Temple |     58 |     31 |     27 |      0 |     29 |   1 |   58.0 |
               +--------+--------+--------+--------+--------+-----+--------+

Top non-repeatable levels by time:
     D:3: 1797 daAuts
     D:7: 1395 daAuts
     D:5: 1368 daAuts
     D:8: 1360 daAuts
     D:4: 1353 daAuts
     D:9: 1348 daAuts
     D:2: 1315 daAuts
     D:1: 927 daAuts
     D:6: 604 daAuts
  Temple: 58 daAuts
